 Dungeon Crawl Stone Soup version 0.30.1-11-g7821555f0a (webtiles) character file.

Game seed: 17210065311131609440

58 Jerry the Cudgeller (level 3, 0/35 HPs)
             Began as a Troll Gladiator on Dec 8, 2023.
             Slain by an orc priest
             ... wielding a +0 short sword
              (2 damage)
             ... on level 3 of the Dungeon.
             The game lasted 00:03:35 (1526 turns).

Jerry the Cudgeller (Troll Gladiator)               Turns: 1526, Time: 00:03:36

Health: 0/35       AC:  4    Str: 24    XL:     3   Next: 75%
Magic:  2/2        EV: 10    Int:  4    God:
Gold:   89         SH:  0    Dex: 11    Spells: 2/2 levels left

rFire   . . .        p - +1 flail (protect)
rCold   . . .        (no shield)
rNeg    . . .        b - +0 robe
rPois   .            c - +0 hat
rElec   .            (no cloak)
rCorr   .            (gloves unavailable)
SInv    .            (boots unavailable)
Will    .....        (no amulet)
Stlth   +            (no ring)
HPRegen 1.05/turn    (no ring)
MPRegen 0.08/turn

%: no passive effects
@: no status effects
A: large, unfitting armour, claws 3, regeneration 1, shaggy fur 1, tough skin 1
a: no special abilities


You were on level 3 of the Dungeon.
You visited 1 branch of the dungeon, and saw 3 of its levels.

You collected 89 gold pieces.

Inventory:

Hand Weapons
 a - a +0 flail
 p - a +1 flail of protection (weapon)
Missiles
 d - 3 throwing nets (quivered)
 e - a large rock
Armour
 b - a +0 robe (worn)
 c - a +0 hat (worn)
Wands
 q - a wand of paralysis (5)
Scrolls
 g - a scroll of enchant armour {unknown}
 h - 2 scrolls of poison {unknown}
 i - 2 scrolls of identify {unknown}
 l - a scroll of vulnerability {unknown}
 n - a scroll of teleportation {unknown}
 o - a scroll of enchant weapon {unknown}
Potions
 f - 3 potions of curing {unknown}
 j - a potion of magic {unknown}
 k - a potion of heal wounds {unknown}
 m - a potion of degeneration {unknown}


   Skills:
 + Level 2.2 Fighting
 + Level 3.1 Maces & Flails
 + Level 2.3 Throwing
 + Level 2.9 Dodging


You had 2 spell levels left.
You didn't know any spells.
Your spell library contained the following spells:

 Spells                   Type           Power      Damage    Failure   Level
 Malign Gateway           Summ/Tloc      0%         N/A       100%        7
 Summon Horrible Things   Summ           0%         N/A       100%        8


Dungeon Overview and Level Annotations

Branches:
Dungeon (3/15)

Altars:

Shops:
D:2 [


Innate Abilities, Weirdness & Mutations

You are too large for most types of armour.
You have claws for hands.
Your natural rate of healing is unusually fast.
You are covered in fur. (AC +1)
You have tough skin. (AC +1)


Message History

The quokka bites you.
There is an open door here.
The quokka attacks as you move away! The quokka bites you.
You hit the quokka.
Your weapon exudes an aura of protection.
You kill the quokka!
You sock the orc!
You kill the orc!
You sock the hobgoblin!
You kill the hobgoblin!
The orc barely misses you.
The orc priest shouts!
You thump the orc!
You kill the orc!
You sock the endoplasm!
You kill the endoplasm!
You sock the orc!
You kill the orc!
The orc priest calls down the wrath of Beogh upon you.
Beogh smites you!
The orc priest invokes the aid of Beogh against you.
Pain shoots through your body!
Items here: ))) ††††.
There is an open door here.
You barely miss the orc priest. The orc priest barely misses you.
You closely miss the orc priest. The orc priest barely misses you.
The orc priest hits you with a +0 short sword.
You barely miss the orc priest.
The orc priest calls down the wrath of Beogh upon you.
Beogh smites you!
* * * LOW HITPOINT WARNING * * *
You barely miss the orc priest.
The orc priest hits you with a +0 short sword.
* * * LOW HITPOINT WARNING * * *
You closely miss the orc priest.
The orc priest hits you with a +0 short sword.
* * * LOW HITPOINT WARNING * * *
You completely miss the orc priest.
The orc priest hits you with a +0 short sword.
You die...

...........##....#
...........##....#
#................#
#####............#
#####.....####
#.....# #.(...# ##
############.o...#
.#
#..........##@####
.###.########.##)#
....<.......#.##.#
###.#######.#....#
#.#.....#.....##
#.#.###.#####.#
#.#.#.#.......#
#.#...#########
#.###.#


You could see an orc priest.

Vanquished Creatures
  An adder (D:2)
  4 orcs (D:3)
  3 ball pythons
  2 bats (D:1)
  4 endoplasms
  3 giant cockroaches
  7 hobgoblins
  4 kobolds
  2 quokkas
  7 frilled lizards
  2 goblins (D:1)
  2 rats
41 creatures vanquished.

Notes
Turn   | Place    | Note
-------+----------+-------------------------------------------
     0 | D:1      | Jerry the Troll Gladiator began the quest for the Orb.
     0 | D:1      | Reached XP level 1. HP: 19/19 MP: 0/0
   111 | D:1      | Reached XP level 2. HP: 28/28 MP: 1/1
   206 | D:1      | Found a faded altar of an unknown god.
   484 | D:1      | Reached skill level 3 in Maces & Flails
   689 | D:2      | Reached XP level 3. HP: 35/35 MP: 2/2
   717 | D:2      | Found Gakyph's Antique Armour Shop.
  1525 | D:3      | HP: 1/35 [orc priest/+0 short sword (3)]
  1526 | D:3      | Slain by an orc priest

Illustrated notes

Levels and vault maps discovered:
D:1:      ldierk_walled_garden_2, layout_basic,
          shapermc_ecumenical_altar_mp_ritualfount
D:2:      layout_loops_corners, serial_shops, nicolae_shop_just_a_little_nook
D:3:      gammafunk_wand_slinger, layout_basic, lemuel_tele_altar

Skill      XL: |  1  2 |
---------------+-------+-----
Throwing       | 2 |  2.3
Maces & Flails | 3 |  3.1
Fighting       | 2 |  2.2
Dodging        | |  2.9

Action                     || total
---------------------------++-------
  Melee: Flail             ||   110
   Stab: Sleeping          ||     2
 Armour: Robe              ||    29
  Dodge: Dodged            ||    57
